 Dungeon Crawl Stone Soup version 0.29.0-4-gdea44cf6ec (webtiles) character file.

Game seed: 3640439866746490886

49 qw the Chopper (level 3, -1/21 HPs)
             Began as a Tengu Warper on Aug 28, 2022.
             Slain by Grinder (4 damage)
             ... on level 3 of the Dungeon.
             The game lasted 00:00:11 (2542 turns).

qw the Chopper (Tengu Warper)                       Turns: 2542, Time: 00:00:12

Health: -1/21      AC:  5    Str: 13    XL:     3   Next: 75%
Magic:  7/7        EV: 11    Int: 13    God:
Gold:   87         SH:  0    Dex: 13    Spells: 6/6 levels left

rFire   . . .      SeeInvis .   Y - +2 hand axe
rCold   . . .      Faith    .   (no shield)
rNeg    . . .      Spirit   .   f - +0 ring mail
rPois   .          Reflect  .   (helmet restricted)
rElec   .          Harm     .   (no cloak)
rCorr   .          Rampage  .   (no gloves)
Will    .....                   (boots unavailable)
Stlth   +.........              (no amulet)
HPRegen 0.07/turn               (no ring)
MPRegen 0.10/turn               (no ring)

@: no status effects
A: beak, talons 3
a: no special abilities


You were on level 3 of the Dungeon.
You visited 1 branch of the dungeon, and saw 3 of its levels.

You collected 87 gold pieces.


Innate Abilities, Weirdness & Mutations

You have a beak for a mouth.
You have claws for feet.


   Skills:
 - Level 2.0 Fighting
 + Level 4.4 Axes
 - Level 1.0 Throwing
 - Level 1.1 Armour
 - Level 2.1 Dodging
 - Level 2.0 Spellcasting
 - Level 2.4 Translocations


You had 6 spell levels left.
You didn't know any spells.
Your spell library contained the following spells:

 Spells                   Type           Power      Damage    Failure   Level
 Blink                    Tloc           14%        N/A       30%         2
 Gell's Gravitas          Tloc           7%         N/A       52%         3
 Lesser Beckoning         Tloc           7%         N/A       52%         3
 Teleport Other           Tloc           7%         N/A       52%         3
 Manifold Assault         Tloc           7%         N/A       99%         5

Inventory:

Hand Weapons
 d - a +0 whip
 Y - a +2 hand axe (weapon)
Armour
 f - a +0 ring mail (worn)
Scrolls
 c - a scroll of teleportation {unknown}
Potions
 a - a potion of heal wounds {unknown}
 b - a potion of degeneration {unknown}
 g - a potion of magic {unknown}
 h - a potion of curing {unknown}

Dungeon Overview and Level Annotations

Branches:
Dungeon (3/15)

Altars:
Qazlal

Annotations:
D:3 Grinder


Message History

Grinder blinks!
An orc comes into view. It is wielding a +0 club.
2523 ||| Stepping ~*~*~tactically~*~*~ (hiding).
You start waiting.
An orc is nearby!
2526 ||| Stepping ~*~*~tactically~*~*~ (stealth).
2527 ||| Stepping ~*~*~tactically~*~*~ (stealth).
You start waiting.
Grinder is nearby!
Grinder gestures at you.
You barely resist. Grinder hits you but does no damage.
You hit Grinder. You claw Grinder. You peck Grinder, but do no damage.
Grinder is moderately wounded.
Grinder closely misses you.
You hit Grinder. You peck Grinder.
Grinder is moderately wounded.
You hear a shout!
Grinder barely misses you.
You hit Grinder.
Grinder is moderately wounded.
Grinder hits you.
You hit Grinder.
Grinder is moderately wounded.
Grinder blinks!
2536 ||| Stepping ~*~*~tactically~*~*~ (hiding).
Found an escape hatch in the ceiling.
The orc shouts!
Grinder gestures at you.
You suddenly lose the ability to move!
The orc hits you with a +0 club. The orc hits you with a +0 club.
Grinder barely misses you. The orc hits you with a +0 club.
The orc hits you but does no damage. Grinder hits you.
You writhe in agony.
Grinder hits you but does no damage. The orc hits you with a +0 club.
You can move again.
You hit Grinder. Your kick misses Grinder. Your peck misses Grinder.
Grinder is heavily wounded.
You hit the orc but do no damage. Grinder hits you.
You die...

#.####.####
#.#.......#
#.#.#####.#
#.# #.###
#.. #...#
### #.#.#
.#####.#.#
......o#.##
..#@..#
......5...#
.####.#...#
#.##.## #
#.# #.# #.#
#<#


You could see Grinder and an orc.

Vanquished Creatures
  2 worms (D:2)
  A dart slug (D:1)
  8 ball pythons
  3 endoplasms
  4 goblins
  2 hobgoblins
  2 jackals (D:1)
  2 quokkas
  3 bats (D:1)
  6 kobolds
  4 rats
37 creatures vanquished.

Notes
Turn   | Place    | Note
-------+----------+-------------------------------------------
     0 | D:1      | qw the Tengu Warper began the quest for the Orb.
     0 | D:1      | Reached XP level 1. HP: 12/12 MP: 4/4
     0 | D:1      | 0 ||| qw: Version: 0.1-a-89-g26bdef1
     0 | D:1      | 0 ||| qw: Game counter: 1441
     0 | D:1      | 0 ||| qw: Always use a shield: true
     0 | D:1      | 0 ||| qw: God list: Okawaru
     0 | D:1      | 0 ||| qw: Allow faded altars: false
     0 | D:1      | 0 ||| qw: Do Orc after D:15 true
     0 | D:1      | 0 ||| qw: Do second Lair branch before Depths: true
     0 | D:1      | 0 ||| qw: Lair rune preference: random
     0 | D:1      | 0 ||| qw: Plans: Normal
     0 | D:1      | 0 ||| PLANNING D:1-11
     6 | D:1      | Noticed a scorpion
     6 | D:1      | Noticed a swamp drake
     6 | D:1      | Noticed an anaconda
     7 | D:1      | Noticed a polar bear
     7 | D:1      | Noticed a hound
   140 | D:1      | Reached skill level 3 in Axes
   140 | D:1      | Reached XP level 2. HP: 17/17 MP: 6/6
   151 | D:1      | 151 ||| Stepping ~*~*~tactically~*~*~ (stealth).
   154 | D:1      | 154 ||| Stepping ~*~*~tactically~*~*~ (stealth).
   164 | D:1      | 164 ||| Stepping ~*~*~tactically~*~*~ (stealth).
   371 | D:1      | 371 ||| Stepping ~*~*~tactically~*~*~ (stealth).
   374 | D:1      | 374 ||| Stepping ~*~*~tactically~*~*~ (stealth).
   935 | D:1      | 935 ||| Stepping ~*~*~tactically~*~*~ (hiding).
  1040 | D:1      | Reached XP level 3. HP: 21/21 MP: 7/7
  1372 | D:1      | 1372 ||| UPGRADING to +0 ring mail.
  1382 | D:1      | 1382 ||| DROPPING +0 leather armour.
  1383 | D:1      | 1383 ||| READING scroll labelled UCSEICZEZIF.
  1384 | D:1      | 1384 ||| READING scroll labelled ETEIMM MUPESEB.
  1385 | D:1      | 1385 ||| READING scroll labelled ROFURRAUDD.
  1386 | D:1      | 1386 ||| READING scroll labelled XYBI SAKURIMOCS.
  1387 | D:1      | 1387 ||| READING scroll labelled CEKKURRERE.
  1388 | D:1      | 1388 ||| DROPPING scroll of blinking.
  1439 | D:2      | Reached skill level 4 in Axes
  1490 | D:2      | HP: 3/21 [worm (8)]
  2032 | D:2      | Found a stormy altar of Qazlal.
  2162 | D:2      | 2162 ||| READING scroll of enchant weapon.
  2162 | D:2      | 2162 ||| ENCHANTING +1 hand axe.
  2458 | D:2      | 2458 ||| READING scroll labelled RUHEIL QOPNIRA.
  2519 | D:3      | Noticed Grinder
  2523 | D:3      | 2523 ||| Stepping ~*~*~tactically~*~*~ (hiding).
  2526 | D:3      | 2526 ||| Stepping ~*~*~tactically~*~*~ (stealth).
  2527 | D:3      | 2527 ||| Stepping ~*~*~tactically~*~*~ (stealth).
  2536 | D:3      | 2536 ||| Stepping ~*~*~tactically~*~*~ (hiding).
  2537 | D:3      | Paralysed by Grinder for 5 turns
  2540 | D:3      | HP: 4/21 [Grinder (3)]
  2542 | D:3      | Slain by Grinder

Levels and vault maps discovered:
D:1:      onia_arrival_zoo_common, layout_basic, serial_forest,
          infiniplex_forest_clump_curved, infiniplex_forest_end_2,
          infiniplex_forest_clump_cross, infiniplex_forest_straight_5
D:2:      layout_rooms, basic_altar, hex_large, nicolae_eternal_life,
          minmay_circled_x
D:3:      layout_loops_ring, ebering_ecumenical_altar_rust,
          uniq_crazy_yiuf_cottage, uniq_grinder

Skill      XL: |  1  2  3 |
---------------+----------+-----
Axes           | 3 4 |  4.4
Fighting       | |  2.0
Throwing       | |  1.0
Armour         | |  1.1
Dodging        | |  2.1
Spellcasting   | |  2.0
Translocations | |  2.4

Action                   || total
-------------------------++-------
Melee: Hand axe          ||    91
       Kick              ||    21
       Peck              ||    11
       Punch             ||     1
Throw: Boomerang         ||     7
  Use: Scroll            ||     7
Armor: Leather armour    ||    10
       Ring mail         ||     7
Dodge: Dodged            ||    42

Table legend:
 A = Non-vault XP
 B = Vault XP
 C = Vault XP percentage of total XP
 D = Non-vault monster count
 E = Vault monster count
 F = Vault count percentage of total count
                 A         B        C        D         E       F
            +---------+---------+-------+---------+---------+-------
      Total |      63 |       7 |  10.0 |      33 |       4 |  10.8
            +---------+---------+-------+---------+---------+-------
        D:1 |      39 |       0 |   0.0 |      23 |       0 |   0.0
        D:2 |      18 |       7 |  28.0 |       6 |       4 |  40.0
        D:3 |       6 |       0 |   0.0 |       4 |       0 |   0.0
            +---------+---------+-------+---------+---------+-------
